 Dungeon Crawl Stone Soup version 0.19.4-9-g45fd643 (webtiles) character file.

7191 JeffiDaFish the Basher (level 11, -1/67 HPs)
             Began as a Gargoyle Fighter on Feb 22, 2017.
             Was an Elder of Okawaru.
             Killed from afar by a gargoyle (13 damage)
             ... with a stone arrow
             ... on level 11 of the Dungeon.
             The game lasted 00:21:43 (10189 turns).

JeffiDaFish the Basher (Gargoyle Fighter)          Turns: 10189, Time: 00:21:44

Health: -1/67      AC: 25    Str: 20    XL:     11   Next: 11%
Magic:  13/13      EV:  6    Int:  9    God:    Okawaru [****..]
Gold:   626        SH: 11    Dex: 12    Spells: 1 memorised, 9 levels left

rFire  . . .     SeeInvis .     d - +3 morningstar
rCold  . . .     Gourm    .     v - +0 plate armour
rNeg   + . .     Faith    .     c - +0 shield
rPois  ∞         Spirit   .     m - +0 helmet
rElec  +         Reflect  .     k - +0 cloak
rCorr  .         Harm     .     l - +0 pair of gloves
MR     .....                    (no boots)
Stlth  ..........               s - amulet of rage
                                (no ring)
                                (no ring)

@: no status effects
A: negative energy resistance 1, electricity resistance, unbreathing,
petrification resistance, rot immunity, AC +7
a: Heroism, Renounce Religion, Evoke Berserk Rage


You were on level 11 of the Dungeon.
You worshipped Okawaru.
Okawaru was greatly pleased with you.
You were not hungry.

You visited 2 branches of the dungeon, and saw 12 of its levels.

You collected 626 gold pieces.

Inventory:

Hand Weapons
 d - a +3 morningstar (weapon)
Armour
 c - a +0 shield (worn)
 k - a +0 cloak (worn)
 l - a +0 pair of gloves (worn)
 m - a +0 helmet (worn)
 v - a +0 plate armour (worn)
Jewellery
 s - an amulet of rage (around neck)
Scrolls
 a - 2 scrolls of recharging
 e - 4 scrolls of remove curse
 o - 2 scrolls of teleportation
 p - 2 scrolls of identify
 r - a scroll of fog
 w - a scroll of fear
 x - 2 scrolls of magic mapping
Potions
 h - 2 potions of curing
 j - a potion of flight
 n - 2 potions of brilliance
Books
 y - a book of Flames

   Spells                             Type                      Level
   a - Flame Tongue                   Conjuration/Fire             1
   b - Throw Flame                    Conjuration/Fire             2
   c - Conjure Flame                  Conjuration/Fire             3
   d - Inner Flame                    Hexes/Fire                   3
   e - Sticky Flame                   Conjuration/Fire             4
   f - Fireball                       Conjuration/Fire             5
Comestibles
 f - 3 bread rations
 g - 4 meat rations
 i - 5 beef jerkies
 q - 3 slices of pizza
 t - 14 chunks of flesh
 u - a fruit
 z - 10 royal jellies


   Skills:
 + Level 7.5 Fighting
 * Level 10.3 Maces & Flails
 * Level 8.9 Armour
 - Level 2.9 Dodging
 - Level 1.7 Stealth
 + Level 8.4 Shields
 + Level 3.6 Evocations


You had 9 spell levels left.
You knew the following spells:

 Your Spells              Type           Power        Failure   Level  Hunger
a - Flame Tongue          Conj/Fire      #....        100%        1    ##.....


Dungeon Overview and Level Annotations

Branches:
Dungeon (11/15)            Temple (1/1) D:6
   Lair: D:8-11         Orc: D:9-12

Altars:
Ashenzari
Cheibriados
Dithmenos
Elyvilon
Fedhas
Gozag
Hepliaklqana
Kikubaaqudgha
Makhleb
Okawaru
Qazlal
Sif Muna
Trog
Vehumet
Yredelemnul
Zin
The Shining One
Beogh


Innate Abilities, Weirdness & Mutations

You are resistant to torment.
Your stone body is resilient. (AC +7)
You are immune to poison.
You resist negative energy. (rN+)
You are resistant to electric shocks. (rElec)
You can survive without breathing.
You are immune to petrification.
You are immune to rotting.


Message History

You block the crocodile's attack.
You sock the gargoyle!
The gargoyle is almost destroyed.
You block the gargoyle's attack. x2; The crocodile bites you.
* * * LOW HITPOINT WARNING * * *
You feel better.
The gargoyle hits you but does no damage.
You block the crocodile's attack.
The gargoyle hits you but does no damage.
You feel better. You block the crocodile's attack.
You block the gargoyle's attack.
The gargoyle hurls a stone arrow at you.
The stone arrow hits you!
* * * LOW HITPOINT WARNING * * *
Your shield and plate armour prevent you from hitting the gargoyle.
The gargoyle is severely damaged.
You block the crocodile's attack.
The gargoyle hurls a stone arrow at you.
The stone arrow hits you!
You die...

##..........() #.
##...........>##
..##..............# #
#...........!....#
#.#................#
...................# #
...................#..
.......99...<........
.......@t†........#.#
....>...##........#.#
........##....P.P...##
........#....P.P.P...#
.......##...P†††P.P..##
.......#...P†P†..P....##
.......§P...P####...P...
.........P...+ #P.P..†.
.....P..# #P..P÷÷÷


You could see a crocodile and 2 gargoyles.

Vanquished Creatures
  Pikel (D:5)
  A wolf spider zombie (D:10)
  A hornet (D:9)
  Grinder (D:3)
  2 hippogriffs
  5 yaks (D:9)
  Eustachio (D:6)
  An ice beast (D:5)
  3 orc warriors (D:9)
  7 ogres
  2 sky beasts
  3 phantoms
  4 centaurs
  2 crocodiles (D:11)
  Blork the orc (D:4)
  6 bullfrogs
  3 scorpions
  10 killer bees
  5 wights
  4 howler monkeys (D:8)
  6 crimson imps
  A bullfrog zombie (D:9)
  A centaur zombie (D:5)
  A hound (D:7)
  5 jellies
  Crazy Yiuf (D:7)
  9 orc wizards
  4 orc priests
  A gnoll shaman (D:7)
  2 iguanas
  4 worker ants
  A hound zombie (D:6)
  3 hound skeletons
  A howler monkey zombie (D:6)
  7 gnolls
  3 river rats (D:11)
  10 adders
  6 oozes
  An adder skeleton (D:4)
  2 adder zombies
  4 worms
  7 leopard geckos
  40 orcs
  A ball python (D:5)
  2 giant cockroaches
  7 goblins
  6 hobgoblins
  13 jackals
  4 quokkas
  20 bats
  2 frilled lizards (D:2)
  6 kobolds
  21 rats
265 creatures vanquished.

Notes
Turn   | Place    | Note
-------+----------+-------------------------------------------
     0 | D:1      | JeffiDaFish the Gargoyle Fighter began the quest for the Orb.
     0 | D:1      | Reached XP level 1. HP: 14/14 MP: 1/1
   406 | D:1      | Reached XP level 2. HP: 19/19 MP: 2/2
   933 | D:2      | Reached XP level 3. HP: 3/23 MP: 3/3
  1969 | D:3      | Noticed Grinder
  1979 | D:3      | Paralysed by Grinder for 6 turns
  1990 | D:3      | Killed Grinder
  1990 | D:3      | Reached skill level 4 in Maces & Flails
  1990 | D:3      | Reached skill level 1 in Dodging
  1990 | D:3      | Reached XP level 4. HP: 23/29 MP: 4/4
  1990 | D:3      | Reached XP level 5. HP: 26/33 MP: 5/5
  1990 | D:3      | Reached XP level 6. HP: 30/38 MP: 6/6
  2403 | D:3      | Found a white marble altar of Elyvilon.
  2458 | D:3      | Found a radiant altar of Vehumet.
  2500 | D:3      | Found a hazy altar of Hepliaklqana.
  2501 | D:3      | Found a shattered altar of Ashenzari.
  3007 | D:4      | Noticed Blork the orc
  3020 | D:4      | Killed Blork the orc
  3020 | D:4      | Reached XP level 7. HP: 40/44 MP: 7/7
  3024 | D:4      | Reached skill level 5 in Maces & Flails
  3462 | D:5      | Entered Level 5 of the Dungeon
  3580 | D:5      | Noticed Pikel
  3596 | D:5      | Killed Pikel
  3596 | D:5      | Reached skill level 6 in Maces & Flails
  3596 | D:5      | Reached skill level 5 in Armour
  3596 | D:5      | Reached skill level 1 in Stealth
  3596 | D:5      | Reached skill level 5 in Shields
  3596 | D:5      | Reached XP level 8. HP: 37/48 MP: 8/8
  3659 | D:5      | HP: 2/48 [ice beast (8)]
  4029 | D:5      | Reached skill level 5 in Fighting
  4224 | D:5      | Found a bloodstained altar of Trog.
  4438 | D:6      | Reached skill level 7 in Maces & Flails
  4795 | D:6      | Reached XP level 9. HP: 49/54 MP: 9/9
  4922 | D:6      | Found a staircase to the Ecumenical Temple.
  4988 | Temple   | Entered the Ecumenical Temple
  5032 | Temple   | Became a worshipper of Warmaster Okawaru
  5396 | D:6      | Noticed Eustachio
  5403 | D:6      | Killed Eustachio
  5755 | D:7      | Reached skill level 8 in Maces & Flails
  6423 | D:7      | Reached * piety under Okawaru
  6657 | D:7      | Found a runed door.
  6661 | D:7      | Noticed Crazy Yiuf
  6664 | D:7      | Killed Crazy Yiuf
  7012 | D:8      | Reached skill level 1 in Evocations
  7106 | D:8      | Reached skill level 9 in Maces & Flails
  7106 | D:8      | Reached XP level 10. HP: 61/61 MP: 10/10
  7132 | D:8      | Reached ** piety under Okawaru
  7417 | D:8      | HP: 2/61 [killer bee (3)]
  8175 | D:9      | Identified the cursed +2 trident "Binoan" {venom, +Rage rElec rN+ Int-3} (You found it on level 9 of the Dungeon)
  8190 | D:9      | Reached *** piety under Okawaru
  8514 | D:9      | Learned a level 1 spell: Flame Tongue
  8704 | D:9      | Found a roughly hewn altar of Beogh.
  8991 | D:10     | Entered Level 10 of the Dungeon
  9043 | D:10     | Found Gyrutim's Magic Scroll Boutique.
  9143 | D:10     | Reached skill level 10 in Maces & Flails
  9684 | D:10     | Reached XP level 11. HP: 67/67 MP: 13/13
  9778 | D:10     | Reached **** piety under Okawaru
 10189 | D:11     | Killed from afar by a gargoyle

Skill      XL: |  1  2  3  4  5  6  7  8  9 10 |
---------------+-------------------------------+-----
Armour         | 4 5 6 8 |  8.9
Fighting       | 4 5 6 7 |  7.5
Maces & Flails | 4 6 7 9 10 | 10.3
Dodging        | 1 2 |  2.9
Shields        | 4 5 6 7 8 |  8.4
Stealth        | 1 |  1.7
Evocations     | 1 3 |  3.6

Action                   |  1- 3 |  4- 6 |  7- 9 | 10-12 || total
-------------------------+-------+-------+-------+-------++-------
Melee: Flail             |   192 |    61 |       |       ||   253
       Whip              |       |    60 |   132 |       ||   192
       Morningstar       |       |       |   239 |   523 ||   762
  Use: Scroll            |     6 |     4 |    12 |     2 ||    24
       Potion            |     4 |     2 |     2 |     6 ||    14
  Eat: Chunk             |     4 |     3 |    20 |     4 ||    31
       Royal jelly       |       |       |     1 |       ||     1
Armor: Scale mail        |    99 |    43 |   170 |    92 ||   404
       Plate armour      |       |       |       |   433 ||   433
Dodge: Dodged            |    58 |    32 |   107 |   203 ||   400
Block: Shield            |   103 |    35 |   188 |   457 ||   783
